[ AOE2 MATCH · #473220768 ]
Team RMMalay vs Italians
[ REPLAY ANALYSIS · EXTRACTED FROM THE RECORDED GAME ]
Feudal
16:42
Castle
19:09
Imperial
33:27
| APM avg | 36.1 |
| APM peak | 64 |
| eAPM avg | 28.8 |
| Villagers / military | 193 / 1130 |
Focus
⚔️ 44.4% · 🌾 55.6%
Militia ×934 · Karambit Warrior ×107 · Mangonel ×45 · Trade Cart ×29 · Bombard Cannon ×27 · Fishing Ship ×17
Feudal
14:42
Castle
18:37
Imperial
31:50
| APM avg | 66.6 |
| APM peak | 173 |
| eAPM avg | 41.5 |
| Villagers / military | 247 / 389 |
Focus
⚔️ 40.4% · 🌾 59.6%
Unknown (882) ×273 · Genoese Crossbowman ×201 · Scout Cavalry ×161 · Trade Cart ×74 · Bombard Cannon ×20 · Mangonel ×4
Feudal
—
Castle
—
Imperial
—
| APM avg | 50.3 |
| APM peak | 117 |
| eAPM avg | 27.5 |
| Villagers / military | 191 / 783 |
Focus
⚔️ 41.1% · 🌾 58.9%
Scout Cavalry ×507 · Mangudai ×201 · Battering Ram ×42 · Mangonel ×24 · Trebuchet (Packed) ×7 · Monk ×1
Feudal
11:26
Castle
15:21
Imperial
27:25
| APM avg | 50.1 |
| APM peak | 85 |
| eAPM avg | 29.5 |
| Villagers / military | 154 / 403 |
Focus
⚔️ 40.7% · 🌾 59.3%
Mangudai ×251 · Mangonel ×127 · Trade Cart ×54 · Trebuchet (Packed) ×18 · Fishing Ship ×7 · Monk ×4
Feudal
11:52
Castle
20:03
Imperial
34:10
| APM avg | 36.8 |
| APM peak | 67 |
| eAPM avg | 25.8 |
| Villagers / military | 195 / 490 |
Focus
⚔️ 30.4% · 🌾 69.6%
Longbowman ×235 · Militia ×231 · Trade Cart ×42 · Trebuchet (Packed) ×15 · Archer ×7 · Mangonel ×2
Feudal
15:33
Castle
23:21
Imperial
39:13
| APM avg | 50.3 |
| APM peak | 103 |
| eAPM avg | 32.7 |
| Villagers / military | 148 / 710 |
Focus
⚔️ 49.6% · 🌾 50.4%
Eagle Scout ×673 · Trade Cart ×83 · Plumed Archer ×32 · Petard ×4 · Militia ×1
Feudal
12:05
Castle
15:57
Imperial
29:05
| APM avg | 44.7 |
| APM peak | 92 |
| eAPM avg | 32.5 |
| Villagers / military | 132 / 869 |
Focus
⚔️ 54.8% · 🌾 45.2%
Leitis ×279 · Skirmisher ×273 · Scout Cavalry ×238 · Knight ×69 · Trade Cart ×55 · Fishing Ship ×14
Feudal
13:07
Castle
16:31
Imperial
29:28
| APM avg | 34.1 |
| APM peak | 70 |
| eAPM avg | 20.2 |
| Villagers / military | 164 / 461 |
Focus
⚔️ 39.8% · 🌾 60.2%
Spearman ×278 · Hand Cannoneer ×89 · Trade Cart ×88 · Bombard Cannon ×85 · Fishing Ship ×13 · Battering Ram ×5
Match map
Initial resources + every placement click. Lines = walls · curves = elevation contours. ◆ gold · ⬟ stone · ● berries · ✦ relic · ◌ wall gap
Your base· Open — opponent sealed themselves in
MztK | SpAwN's base· ✓ Closed at 18:37 · 22t walls · no gate
Player59701729's base· Open — opponent sealed themselves in
MZTK | Don.Mancusio's base· ✓ Closed at 15:21 · 0t walls · no gate
Silence's base· Open — opponent sealed themselves in
MZTK | DoN.Krispin's base· ✓ Closed at 23:21 · 75t walls · no gate
bryjet06's base· Open — opponent sealed themselves in
MZTK | Zygarde's base· ✓ Closed at 16:31 · 23t walls · no gate
Smoothed initial terrain · ◌ = detected wall gap · hover for details
Inputs per minute
— Richard_cat - - MztK | SpAwN
Build order — Richard_cat
First 150 of 942 actions detected
| 0:01 | Create | Villager (Male) ×4 |
| 0:02 | Build | House |
| 0:03 | Build | House |
| 0:42 | Research | Loom |
| 0:42 | Create | Villager (Male) |
| 0:42 | Create | Villager (Male) |
| 0:49 | Research | Loom |
| 0:49 | Create | Villager (Male) |
| 0:50 | Create | Villager (Male) |
| 1:35 | Create | Villager (Male) |
| 1:45 | Build | Palisade Wall |
| 1:47 | Build | Palisade Wall |
| 2:06 | Build | Palisade Wall |
| 2:07 | Build | Palisade Wall |
| 2:08 | Create | Villager (Male) |
| 2:09 | Create | Villager (Male) |
| 2:27 | Create | Villager (Male) |
| 3:25 | Create | Villager (Male) |
| 3:25 | Create | Villager (Male) |
| 3:48 | Create | Villager (Male) |
| 3:56 | Build | Lumber Camp |
| 5:02 | Create | Villager (Male) |
| 5:02 | Create | Villager (Male) |
| 5:33 | Create | Villager (Male) |
| 5:34 | Create | Villager (Male) |
| 6:12 | Create | Villager (Male) |
| 6:12 | Create | Villager (Male) |
| 6:17 | Build | Mill |
| 6:51 | Create | Villager (Male) |
| 6:51 | Create | Villager (Male) |
| 7:36 | Create | Villager (Male) |
| 8:18 | Create | Villager (Male) |
| 8:25 | Build | Lumber Camp |
| 8:43 | Create | Villager (Male) |
| 8:56 | Build | House |
| 9:20 | Create | Villager (Male) |
| 9:59 | Create | Villager (Male) |
| 10:00 | Create | Villager (Male) |
| 10:00 | Create | Villager (Male) |
| 10:11 | Build | House |
| 10:14 | Create | Villager (Male) |
| 10:43 | Build | House |
| 10:44 | Create | Villager (Male) |
| 11:17 | Build | Dock |
| 11:28 | Build | Palisade Wall |
| 11:30 | Build | Palisade Wall |
| 11:30 | Create | Villager (Male) |
| 11:31 | Create | Villager (Male) |
| 11:31 | Create | Villager (Male) |
| 12:00 | Create | Villager (Male) |
| 12:03 | Create | Fishing Ship |
| 12:39 | Create | Villager (Male) |
| 12:39 | Create | Villager (Male) |
| 12:39 | Create | Villager (Male) |
| 12:44 | Create | Fishing Ship |
| 12:57 | Create | Villager (Male) |
| 12:58 | Create | Villager (Male) |
| 13:21 | Build | Mining Camp |
| 13:22 | Create | Villager (Male) |
| 13:52 | Build | House |
| 13:54 | Create | Fishing Ship |
| 13:55 | Create | Fishing Ship |
| 13:56 | Create | Villager (Male) |
| 14:11 | Create | Villager (Male) |
| 14:22 | Build | House |
| 14:38 | Research | Feudal Age |
| 14:40 | Create | Villager (Male) |
| 14:41 | Create | Fishing Ship |
| 14:42 | Create | Fishing Ship |
| 15:07 | Research | Feudal Age |
| 15:11 | Build | House |
| 15:12 | Build | House |
| 15:15 | Build | Palisade Wall |
| 15:17 | Build | Palisade Wall |
| 15:17 | Build | Palisade Wall |
| 15:18 | Build | Palisade Wall |
| 15:20 | Build | Palisade Wall |
| 15:20 | Build | Palisade Wall |
| 15:31 | Create | Fishing Ship |
| 15:45 | Create | Villager (Male) |
| 15:45 | Create | Villager (Male) |
| 15:50 | Create | Fishing Ship |
| 16:42 | Age | Feudal Age |
| 16:44 | Build | Market |
| 16:45 | Build | Blacksmith |
| 17:33 | Research | Castle Age |
| 17:33 | Research | Castle Age |
| 17:53 | Research | Double-Bit Axe |
| 17:58 | Create | Fishing Ship |
| 18:01 | Create | Fishing Ship |
| 18:11 | Build | Lumber Camp |
| 18:30 | Build | Fish Trap |
| 18:34 | Create | Villager (Male) |
| 18:47 | Build | Fish Trap |
| 18:57 | Create | Villager (Male) |
| 19:09 | Age | Castle Age |
| 19:12 | Build | Siege Workshop |
| 19:17 | Research | Bow Saw |
| 19:21 | Build | Fish Trap |
| 19:22 | Create | Villager (Male) |
| 19:37 | Build | Fish Trap |
| 19:42 | Build | Fish Trap |
| 19:50 | Build | Fish Trap |
| 19:56 | Build | Fish Trap |
| 20:03 | Create | Villager (Male) |
| 20:13 | Create | Mangonel |
| 20:25 | Create | Villager (Male) |
| 20:28 | Build | Fish Trap |
| 20:36 | Create | Fishing Ship |
| 20:39 | Create | Villager (Male) |
| 20:43 | Build | House |
| 20:44 | Build | House |
| 21:10 | Create | Villager (Male) |
| 21:22 | Build | Town Center |
| 21:32 | Build | Fish Trap |
| 21:36 | Create | Villager (Male) |
| 21:55 | Create | Villager (Male) |
| 21:58 | Research | Horse Collar |
| 22:03 | Create | Villager (Male) |
| 22:19 | Create | Villager (Male) |
| 22:19 | Create | Villager (Male) |
| 22:24 | Build | Farm |
| 22:26 | Build | Farm |
| 22:26 | Build | Farm |
| 22:34 | Build | Farm |
| 22:36 | Build | Farm |
| 22:41 | Build | House |
| 22:46 | Build | Farm |
| 22:47 | Create | Villager (Male) |
| 22:48 | Create | Villager (Male) |
| 22:50 | Create | Villager (Male) |
| 22:58 | Build | Dock |
| 23:00 | Create | Fishing Ship |
| 23:03 | Create | Villager (Male) |
| 23:07 | Build | Farm |
| 23:12 | Build | Farm |
| 23:21 | Build | House |
| 23:22 | Build | House |
| 23:30 | Build | Farm |
| 23:31 | Create | Villager (Male) |
| 23:39 | Build | Farm |
| 23:40 | Build | Farm |
| 23:49 | Build | Farm |
| 23:50 | Build | Farm |
| 23:51 | Create | Villager (Male) |
| 23:52 | Create | Villager (Male) |
| 23:59 | Build | Fish Trap |
| 24:02 | Build | Farm |
| 24:03 | Create | Villager (Male) |
| 24:04 | Create | Villager (Male) |
Build order — MztK | SpAwN
First 150 of 1327 actions detected
| 0:02 | Create | Villager (Male) |
| 0:02 | Create | Villager (Male) |
| 0:02 | Create | Villager (Male) |
| 0:03 | Build | House |
| 0:06 | Build | House |
| 0:06 | Create | Villager (Male) |
| 0:07 | Create | Villager (Male) |
| 1:03 | Create | Villager (Male) |
| 1:03 | Create | Villager (Male) |
| 1:30 | Create | Villager (Male) |
| 1:30 | Create | Villager (Male) |
| 1:41 | Build | Lumber Camp |
| 1:50 | Research | Loom |
| 2:28 | Create | Villager (Male) |
| 2:29 | Create | Villager (Male) |
| 3:29 | Create | Villager (Male) |
| 3:29 | Create | Villager (Male) |
| 4:16 | Build | Palisade Wall |
| 4:32 | Create | Villager (Male) |
| 4:32 | Create | Villager (Male) |
| 4:41 | Build | Palisade Wall |
| 4:43 | Build | Palisade Wall |
| 4:45 | Build | Palisade Wall |
| 5:01 | Build | Palisade Wall |
| 5:13 | Create | Villager (Male) |
| 5:13 | Create | Villager (Male) |
| 5:13 | Create | Villager (Male) |
| 6:14 | Create | Villager (Male) |
| 6:14 | Create | Villager (Male) |
| 6:39 | Create | Villager (Male) |
| 6:47 | Build | Palisade Wall |
| 6:52 | Build | Palisade Wall |
| 7:09 | Create | Villager (Male) |
| 7:10 | Create | Villager (Male) |
| 7:28 | Create | Villager (Male) |
| 7:28 | Create | Villager (Male) |
| 7:28 | Create | Villager (Male) |
| 7:44 | Create | Villager (Male) |
| 7:44 | Create | Villager (Male) |
| 7:49 | Build | House |
| 7:51 | Build | House |
| 7:56 | Build | House |
| 8:16 | Build | House |
| 8:17 | Build | Palisade Wall |
| 8:39 | Build | Palisade Wall |
| 8:45 | Create | Villager (Male) |
| 8:45 | Create | Villager (Male) |
| 8:45 | Create | Villager (Male) |
| 8:46 | Create | Villager (Male) |
| 8:46 | Create | Villager (Male) |
| 8:57 | Build | House |
| 9:20 | Create | Villager (Male) |
| 9:45 | Build | Palisade Wall |
| 9:45 | Build | Palisade Wall |
| 9:46 | Build | Palisade Wall |
| 10:20 | Build | Mill |
| 10:31 | Build | Palisade Wall |
| 10:31 | Build | Palisade Wall |
| 10:32 | Build | Palisade Wall |
| 10:33 | Build | Palisade Wall |
| 10:52 | Create | Villager (Male) |
| 10:52 | Create | Villager (Male) |
| 10:53 | Create | Villager (Male) |
| 10:53 | Create | Villager (Male) |
| 10:57 | Create | Villager (Male) |
| 10:57 | Create | Villager (Male) |
| 10:58 | Create | Villager (Male) |
| 10:58 | Create | Villager (Male) |
| 10:59 | Create | Villager (Male) |
| 11:01 | Create | Villager (Male) |
| 11:02 | Create | Villager (Male) |
| 11:03 | Create | Villager (Male) |
| 11:03 | Create | Villager (Male) |
| 11:18 | Create | Villager (Male) |
| 11:24 | Build | Palisade Wall |
| 11:31 | Build | House |
| 11:36 | Build | House |
| 11:45 | Create | Villager (Male) |
| 12:28 | Research | Feudal Age |
| 12:28 | Research | Feudal Age |
| 12:34 | Build | Mining Camp |
| 13:26 | Create | Villager (Male) |
| 13:57 | Create | Villager (Male) |
| 14:37 | Create | Villager (Male) |
| 14:42 | Age | Feudal Age |
| 14:46 | Create | Villager (Male) |
| 14:50 | Build | Market |
| 14:56 | Build | Blacksmith |
| 15:13 | Build | Mill |
| 15:36 | Build | Lumber Camp |
| 15:56 | Research | Castle Age |
| 16:04 | Create | Villager (Male) |
| 16:16 | Research | Double-Bit Axe |
| 16:17 | Create | Villager (Male) |
| 16:30 | Research | Horse Collar |
| 17:23 | Create | Villager (Male) |
| 17:37 | Build | Farm |
| 17:39 | Build | Farm |
| 17:47 | Build | Farm |
| 17:49 | Build | Farm |
| 17:52 | Build | Farm |
| 17:58 | Create | Villager (Male) |
| 18:37 | Age | Castle Age |
| 18:40 | Build | Town Center |
| 18:41 | Research | Bow Saw |
| 18:42 | Research | Heavy Plow |
| 18:47 | Create | Villager (Male) |
| 18:58 | Create | Villager (Male) |
| 19:14 | Build | Town Center |
| 19:23 | Create | Villager (Male) |
| 19:47 | Research | Wheelbarrow |
| 19:59 | Create | Villager (Male) |
| 20:06 | Build | Farm |
| 20:10 | Build | Farm |
| 20:11 | Build | Farm |
| 20:14 | Create | Villager (Male) |
| 20:16 | Create | Villager (Male) |
| 20:16 | Create | Villager (Male) |
| 20:21 | Build | Outpost |
| 20:27 | Research | Town Watch |
| 20:28 | Create | Villager (Male) |
| 20:28 | Create | Villager (Male) |
| 20:28 | Create | Villager (Male) |
| 20:33 | Build | Farm |
| 20:35 | Build | Farm |
| 20:50 | Build | Farm |
| 20:51 | Create | Villager (Male) |
| 20:51 | Create | Villager (Male) |
| 20:55 | Build | Stone Wall |
| 20:56 | Build | Stone Wall |
| 20:57 | Build | Stone Wall |
| 20:57 | Build | Stone Wall |
| 20:59 | Build | Stone Wall |
| 21:02 | Create | Villager (Male) |
| 21:06 | Build | Farm |
| 21:13 | Build | Farm |
| 21:15 | Create | Villager (Male) |
| 21:21 | Create | Villager (Male) |
| 21:21 | Create | Villager (Male) |
| 21:34 | Create | Villager (Male) |
| 21:46 | Build | Farm |
| 21:47 | Create | Villager (Male) |
| 21:47 | Create | Villager (Male) |
| 21:48 | Create | Villager (Male) |
| 21:57 | Build | Siege Workshop |
| 22:01 | Create | Villager (Male) |
| 22:01 | Create | Villager (Male) |
| 22:09 | Build | House |
| 22:10 | Create | Villager (Male) |
| 22:10 | Create | Villager (Male) |
Build order — Player59701729
First 150 of 892 actions detected
| 0:02 | Create | Villager (Male) |
| 0:02 | Create | Villager (Male) |
| 0:02 | Create | Villager (Male) |
| 0:02 | Create | Villager (Male) |
| 0:03 | Build | House |
| 0:04 | Build | House |
| 1:26 | Create | Villager (Male) |
| 1:48 | Build | Lumber Camp |
| 1:58 | Create | Villager (Male) |
| 2:21 | Create | Villager (Male) |
| 2:50 | Create | Villager (Male) |
| 2:51 | Create | Villager (Male) |
| 3:07 | Create | Villager (Male) |
| 3:31 | Create | Villager (Male) |
| 3:31 | Create | Villager (Male) |
| 3:44 | Create | Villager (Male) |
| 3:44 | Create | Villager (Male) |
| 3:54 | Build | House |
| 4:16 | Create | Villager (Male) |
| 4:37 | Build | House |
| 4:43 | Build | Mill |
| 4:58 | Create | Villager (Male) |
| 5:01 | Create | Villager (Male) |
| 5:45 | Create | Villager (Male) |
| 5:46 | Create | Villager (Male) |
| 5:46 | Create | Villager (Male) |
| 6:30 | Create | Villager (Male) |
| 7:04 | Create | Villager (Male) |
| 7:28 | Build | Mining Camp |
| 7:34 | Research | Feudal Age |
| 8:22 | Create | Villager (Male) |
| 8:22 | Create | Villager (Male) |
| 9:46 | Build | Market |
| 9:47 | Build | Blacksmith |
| 9:53 | Research | Double-Bit Axe |
| 10:41 | Research | Castle Age |
| 11:04 | Research | Horse Collar |
| 11:22 | Build | House |
| 12:50 | Create | Villager (Male) |
| 13:25 | Build | Town Center |
| 13:31 | Build | Town Center |
| 13:36 | Research | Bow Saw |
| 13:40 | Create | Villager (Male) |
| 14:12 | Create | Villager (Male) |
| 14:26 | Create | Villager (Male) |
| 14:30 | Build | Monastery |
| 14:45 | Create | Villager (Male) |
| 14:47 | Create | Villager (Male) |
| 14:49 | Build | Farm |
| 14:53 | Create | Villager (Male) |
| 15:04 | Create | Villager (Male) |
| 15:07 | Build | Farm |
| 15:10 | Build | Farm |
| 15:15 | Create | Monk |
| 15:22 | Create | Villager (Male) |
| 15:22 | Create | Villager (Male) |
| 15:23 | Build | Farm |
| 15:25 | Build | Farm |
| 15:29 | Create | Villager (Male) |
| 15:29 | Create | Villager (Male) |
| 15:29 | Create | Villager (Male) |
| 15:29 | Create | Villager (Male) |
| 15:36 | Build | Farm |
| 15:45 | Build | Farm |
| 15:53 | Create | Villager (Male) |
| 15:53 | Create | Villager (Male) |
| 15:55 | Build | Farm |
| 15:56 | Build | Farm |
| 16:04 | Create | Villager (Male) |
| 16:04 | Create | Villager (Male) |
| 16:04 | Create | Villager (Male) |
| 16:04 | Create | Villager (Male) |
| 16:06 | Build | Farm |
| 16:14 | Build | House |
| 16:19 | Build | Farm |
| 16:33 | Research | Wheelbarrow |
| 16:39 | Build | House |
| 16:45 | Build | Farm |
| 16:48 | Build | Farm |
| 16:59 | Create | Villager (Male) |
| 16:59 | Create | Villager (Male) |
| 17:00 | Build | Farm |
| 17:01 | Build | Farm |
| 17:06 | Build | Farm |
| 17:06 | Create | Villager (Male) |
| 17:06 | Create | Villager (Male) |
| 17:27 | Build | House |
| 17:31 | Build | Farm |
| 17:32 | Build | Farm |
| 17:32 | Create | Villager (Male) |
| 17:33 | Create | Villager (Male) |
| 17:33 | Create | Villager (Male) |
| 17:35 | Build | Farm |
| 17:42 | Create | Villager (Male) |
| 17:42 | Create | Villager (Male) |
| 17:45 | Build | Farm |
| 18:00 | Build | Farm |
| 18:02 | Create | Villager (Male) |
| 18:02 | Create | Villager (Male) |
| 18:10 | Create | Villager (Male) |
| 18:10 | Create | Villager (Male) |
| 18:26 | Build | Town Center |
| 18:27 | Create | Villager (Male) |
| 18:27 | Create | Villager (Male) |
| 18:35 | Create | Villager (Male) |
| 18:40 | Create | Villager (Male) |
| 18:40 | Create | Villager (Male) |
| 18:46 | Build | House |
| 18:47 | Build | House |
| 18:48 | Create | Villager (Male) |
| 18:48 | Create | Villager (Male) |
| 18:50 | Build | Farm |
| 18:54 | Create | Villager (Male) |
| 18:54 | Create | Villager (Male) |
| 18:55 | Create | Villager (Male) |
| 19:02 | Build | Farm |
| 19:04 | Build | Farm |
| 19:13 | Create | Villager (Male) |
| 19:17 | Build | Farm |
| 19:20 | Build | Farm |
| 19:25 | Create | Villager (Male) |
| 19:29 | Build | Farm |
| 19:34 | Create | Villager (Male) |
| 19:36 | Create | Villager (Male) |
| 19:36 | Create | Villager (Male) |
| 19:41 | Build | Farm |
| 19:43 | Create | Villager (Male) |
| 19:43 | Create | Villager (Male) |
| 19:52 | Create | Villager (Male) |
| 19:53 | Build | Farm |
| 19:55 | Build | Farm |
| 19:56 | Create | Villager (Male) |
| 19:56 | Create | Villager (Male) |
| 19:58 | Create | Villager (Male) |
| 19:58 | Create | Villager (Male) |
| 20:02 | Build | Farm |
| 20:08 | Create | Villager (Male) |
| 20:09 | Build | Farm |
| 20:12 | Create | Villager (Male) |
| 20:12 | Create | Villager (Male) |
| 20:14 | Build | Farm |
| 20:19 | Build | Farm |
| 20:37 | Build | Farm |
| 20:39 | Create | Villager (Male) |
| 20:44 | Create | Villager (Male) |
| 20:46 | Build | House |
| 20:48 | Build | House |
| 20:50 | Create | Villager (Male) |
| 20:50 | Create | Villager (Male) |
| 20:59 | Research | Hand Cart |
Build order — MZTK | Don.Mancusio
First 150 of 826 actions detected
| 0:01 | Create | Villager (Male) |
| 0:01 | Create | Villager (Male) |
| 0:02 | Build | House |
| 0:04 | Build | House |
| 0:21 | Create | Villager (Male) |
| 0:25 | Create | Villager (Male) |
| 0:25 | Create | Villager (Male) |
| 1:46 | Create | Villager (Male) |
| 1:46 | Create | Villager (Male) |
| 1:57 | Create | Villager (Male) |
| 2:02 | Build | Lumber Camp |
| 2:07 | Build | Lumber Camp |
| 2:11 | Create | Villager (Male) |
| 2:47 | Create | Villager (Male) |
| 2:47 | Create | Villager (Male) |
| 2:48 | Create | Villager (Male) |
| 3:12 | Create | Villager (Male) |
| 3:35 | Create | Villager (Male) |
| 3:35 | Create | Villager (Male) |
| 3:38 | Build | House |
| 3:56 | Create | Villager (Male) |
| 4:20 | Create | Villager (Male) |
| 4:44 | Build | Dock |
| 4:55 | Build | House |
| 5:05 | Create | Villager (Male) |
| 5:19 | Create | Villager (Male) |
| 5:35 | Create | Fishing Ship |
| 5:43 | Create | Villager (Male) |
| 5:44 | Create | Villager (Male) |
| 5:53 | Create | Villager (Male) |
| 6:11 | Create | Villager (Male) |
| 6:17 | Create | Villager (Male) |
| 6:37 | Build | House |
| 6:47 | Create | Villager (Male) |
| 6:50 | Create | Fishing Ship |
| 6:54 | Build | House |
| 6:59 | Create | Villager (Male) |
| 7:04 | Build | House |
| 7:10 | Build | House |
| 7:41 | Build | Mining Camp |
| 7:42 | Create | Villager (Male) |
| 7:56 | Create | Fishing Ship |
| 8:17 | Create | Villager (Male) |
| 8:25 | Build | House |
| 8:34 | Build | House |
| 8:45 | Create | Villager (Male) |
| 8:48 | Build | House |
| 9:04 | Research | Feudal Age |
| 9:21 | Create | Fishing Ship |
| 9:50 | Build | House |
| 10:01 | Build | House |
| 10:22 | Create | Fishing Ship |
| 10:44 | Build | Mill |
| 10:51 | Build | House |
| 10:52 | Build | House |
| 10:57 | Create | Villager (Male) |
| 10:59 | Create | Villager (Male) |
| 11:26 | Age | Feudal Age |
| 11:33 | Research | Double-Bit Axe |
| 11:40 | Build | Market |
| 11:55 | Build | Blacksmith |
| 11:58 | Create | Villager (Male) |
| 12:39 | Research | Castle Age |
| 12:43 | Build | Fish Trap |
| 12:48 | Build | Fish Trap |
| 13:10 | Build | Fish Trap |
| 13:42 | Build | Fish Trap |
| 14:08 | Create | Villager (Male) |
| 14:45 | Create | Fishing Ship |
| 14:47 | Create | Villager (Male) |
| 15:21 | Age | Castle Age |
| 15:23 | Build | Town Center |
| 15:24 | Research | Bow Saw |
| 15:27 | Build | Town Center |
| 15:29 | Research | Horse Collar |
| 15:32 | Create | Villager (Male) |
| 15:42 | Build | Monastery |
| 15:44 | Create | Villager (Male) |
| 15:48 | Create | Villager (Male) |
| 15:56 | Build | Farm |
| 16:04 | Create | Villager (Male) |
| 16:19 | Build | Fish Trap |
| 16:21 | Create | Villager (Male) |
| 16:24 | Create | Villager (Male) |
| 16:31 | Create | Villager (Male) |
| 16:33 | Build | House |
| 16:34 | Build | House |
| 16:35 | Create | Monk |
| 16:38 | Create | Villager (Male) |
| 16:44 | Build | Farm |
| 16:46 | Create | Villager (Male) |
| 16:49 | Create | Villager (Male) |
| 16:53 | Create | Villager (Male) |
| 16:57 | Build | Farm |
| 17:00 | Build | Farm |
| 17:02 | Create | Monk |
| 17:09 | Create | Villager (Male) |
| 17:14 | Build | Farm |
| 17:16 | Create | Villager (Male) |
| 17:22 | Create | Villager (Male) |
| 17:29 | Build | Farm |
| 17:37 | Create | Villager (Male) |
| 17:41 | Build | Farm |
| 17:42 | Create | Villager (Male) |
| 17:42 | Create | Villager (Male) |
| 17:48 | Build | Farm |
| 17:50 | Create | Villager (Male) |
| 17:53 | Build | Farm |
| 17:55 | Build | Farm |
| 17:57 | Create | Villager (Male) |
| 17:59 | Build | Farm |
| 18:03 | Create | Villager (Male) |
| 18:10 | Create | Villager (Male) |
| 18:15 | Build | Farm |
| 18:17 | Create | Villager (Male) |
| 18:28 | Create | Villager (Male) |
| 18:38 | Build | Town Center |
| 18:42 | Create | Villager (Male) |
| 18:45 | Build | House |
| 18:46 | Build | House |
| 18:47 | Create | Monk |
| 19:00 | Create | Villager (Male) |
| 19:01 | Build | Farm |
| 19:03 | Create | Villager (Male) |
| 19:07 | Build | Farm |
| 19:08 | Build | Farm |
| 19:08 | Create | Villager (Male) |
| 19:10 | Create | Villager (Male) |
| 19:13 | Build | Farm |
| 19:14 | Create | Villager (Male) |
| 19:16 | Build | House |
| 19:19 | Create | Villager (Male) |
| 19:23 | Build | Farm |
| 19:29 | Create | Villager (Male) |
| 19:34 | Build | Farm |
| 19:35 | Create | Villager (Male) |
| 19:35 | Create | Villager (Male) |
| 19:45 | Build | Farm |
| 19:55 | Create | Fishing Ship |
| 19:57 | Create | Villager (Male) |
| 19:58 | Build | Farm |
| 19:59 | Build | Farm |
| 20:02 | Create | Villager (Male) |
| 20:07 | Create | Villager (Male) |
| 20:09 | Build | House |
| 20:14 | Build | Farm |
| 20:16 | Create | Villager (Male) |
| 20:23 | Create | Villager (Male) |
| 20:27 | Build | Farm |
| 20:29 | Build | Farm |
Build order — Silence
First 150 of 737 actions detected
| 0:01 | Create | Villager (Male) |
| 0:01 | Create | Villager (Male) |
| 0:01 | Create | Villager (Male) |
| 0:02 | Create | Villager (Male) |
| 0:02 | Build | House |
| 0:04 | Build | House |
| 0:24 | Research | Loom |
| 0:24 | Create | Villager (Male) |
| 0:25 | Create | Villager (Male) |
| 0:25 | Create | Villager (Male) |
| 1:25 | Create | Villager (Male) |
| 1:25 | Create | Villager (Male) |
| 2:21 | Create | Villager (Male) |
| 3:01 | Create | Villager (Male) |
| 3:02 | Create | Villager (Male) |
| 3:26 | Create | Villager (Male) |
| 3:49 | Create | Villager (Male) |
| 3:49 | Create | Villager (Male) |
| 4:30 | Create | Villager (Male) |
| 4:30 | Create | Villager (Male) |
| 5:00 | Create | Villager (Male) |
| 5:00 | Create | Villager (Male) |
| 5:26 | Create | Villager (Male) |
| 5:27 | Create | Villager (Male) |
| 5:33 | Build | House |
| 5:42 | Create | Villager (Male) |
| 5:42 | Create | Villager (Male) |
| 5:54 | Build | Lumber Camp |
| 6:02 | Create | Villager (Male) |
| 6:02 | Create | Villager (Male) |
| 6:27 | Create | Villager (Male) |
| 6:27 | Create | Villager (Male) |
| 6:34 | Create | Villager (Male) |
| 6:34 | Create | Villager (Male) |
| 6:50 | Create | Villager (Male) |
| 6:51 | Create | Villager (Male) |
| 7:33 | Build | House |
| 7:41 | Build | House |
| 8:06 | Create | Villager (Male) |
| 8:06 | Create | Villager (Male) |
| 8:14 | Create | Villager (Male) |
| 8:36 | Create | Villager (Male) |
| 8:37 | Create | Villager (Male) |
| 8:37 | Create | Villager (Male) |
| 8:49 | Create | Villager (Male) |
| 8:50 | Create | Villager (Male) |
| 8:50 | Create | Villager (Male) |
| 8:59 | Build | Mining Camp |
| 9:42 | Research | Feudal Age |
| 10:16 | Build | Barracks |
| 10:30 | Create | Villager (Male) |
| 11:01 | Create | Villager (Male) |
| 11:52 | Age | Feudal Age |
| 11:57 | Build | Watch Tower |
| 12:01 | Build | Archery Range |
| 13:01 | Create | Archer |
| 13:03 | Create | Villager (Male) |
| 13:05 | Build | Blacksmith |
| 13:08 | Build | House |
| 13:22 | Create | Archer |
| 13:55 | Research | Fletching |
| 13:56 | Create | Villager (Male) |
| 13:59 | Create | Archer |
| 14:38 | Create | Archer |
| 14:40 | Create | Villager (Male) |
| 14:48 | Build | Mill |
| 15:10 | Create | Villager (Male) |
| 15:24 | Create | Villager (Male) |
| 15:26 | Build | House |
| 16:02 | Create | Villager (Male) |
| 16:04 | Build | Market |
| 16:06 | Build | Farm |
| 16:47 | Create | Villager (Male) |
| 17:08 | Build | Farm |
| 17:13 | Build | Lumber Camp |
| 17:24 | Research | Castle Age |
| 17:24 | Research | Castle Age |
| 17:27 | Build | Farm |
| 17:58 | Build | Lumber Camp |
| 18:21 | Create | Villager (Male) |
| 18:33 | Research | Double-Bit Axe |
| 19:42 | Create | Villager (Male) |
| 19:46 | Build | House |
| 20:01 | Build | Stone Wall |
| 20:03 | Age | Castle Age |
| 20:09 | Build | Gate |
| 20:10 | Create | Villager (Male) |
| 20:18 | Build | Siege Workshop |
| 20:23 | Build | Town Center |
| 20:34 | Build | Stone Wall |
| 20:47 | Create | Villager (Male) |
| 20:54 | Create | Mangonel |
| 21:01 | Create | Villager (Male) |
| 21:03 | Research | Bow Saw |
| 21:04 | Research | Horse Collar |
| 21:29 | Create | Villager (Male) |
| 21:35 | Create | Villager (Male) |
| 21:37 | Create | Villager (Male) |
| 21:49 | Build | Farm |
| 21:55 | Create | Villager (Male) |
| 22:08 | Build | House |
| 22:12 | Build | Farm |
| 22:23 | Create | Villager (Male) |
| 22:33 | Create | Villager (Male) |
| 22:44 | Create | Villager (Male) |
| 22:52 | Build | House |
| 22:53 | Create | Villager (Male) |
| 22:56 | Build | Farm |
| 23:00 | Build | Town Center |
| 23:11 | Create | Villager (Male) |
| 23:17 | Build | Farm |
| 23:18 | Build | Farm |
| 23:18 | Build | Farm |
| 23:24 | Build | Farm |
| 23:50 | Create | Villager (Male) |
| 23:50 | Create | Villager (Male) |
| 23:51 | Create | Villager (Male) |
| 23:53 | Build | Farm |
| 23:57 | Build | House |
| 23:57 | Create | Villager (Male) |
| 24:27 | Create | Mangonel |
| 24:38 | Create | Villager (Male) |
| 24:38 | Create | Villager (Male) |
| 24:40 | Build | Farm |
| 24:42 | Build | Farm |
| 24:42 | Create | Villager (Male) |
| 24:45 | Build | House |
| 24:45 | Create | Villager (Male) |
| 24:57 | Build | Mill |
| 24:58 | Build | Farm |
| 24:58 | Build | Farm |
| 24:59 | Build | Farm |
| 24:59 | Build | Farm |
| 24:59 | Build | Farm |
| 24:59 | Build | Farm |
| 25:00 | Create | Villager (Male) |
| 25:03 | Build | Farm |
| 25:20 | Build | Lumber Camp |
| 25:21 | Create | Villager (Male) |
| 25:22 | Create | Villager (Male) |
| 25:24 | Build | Farm |
| 25:28 | Create | Villager (Male) |
| 25:31 | Build | Farm |
| 25:34 | Build | Farm |
| 25:34 | Create | Villager (Male) |
| 25:38 | Build | Farm |
| 25:38 | Build | Farm |
| 25:38 | Build | Farm |
| 25:47 | Create | Villager (Male) |
| 25:50 | Build | House |
Build order — MZTK | DoN.Krispin
First 150 of 1140 actions detected
| 0:01 | Research | Loom |
| 0:03 | Build | House |
| 0:05 | Build | House |
| 0:17 | Create | Villager (Male) |
| 0:18 | Create | Villager (Male) |
| 0:19 | Create | Villager (Male) |
| 0:19 | Create | Villager (Male) |
| 0:43 | Build | Palisade Wall |
| 1:59 | Create | Villager (Male) |
| 3:24 | Create | Villager (Male) |
| 3:24 | Create | Villager (Male) |
| 5:22 | Create | Villager (Male) |
| 5:25 | Create | Villager (Male) |
| 5:30 | Build | Lumber Camp |
| 6:21 | Build | House |
| 6:25 | Create | Villager (Male) |
| 6:47 | Create | Villager (Male) |
| 7:15 | Create | Villager (Male) |
| 7:33 | Create | Villager (Male) |
| 7:52 | Build | Palisade Wall |
| 8:07 | Build | House |
| 8:15 | Create | Villager (Male) |
| 8:27 | Create | Villager (Male) |
| 8:44 | Build | Mill |
| 9:01 | Create | Villager (Male) |
| 9:01 | Create | Villager (Male) |
| 9:02 | Create | Villager (Male) |
| 9:03 | Create | Villager (Male) |
| 9:32 | Create | Villager (Male) |
| 9:36 | Build | House |
| 9:59 | Create | Villager (Male) |
| 9:59 | Create | Villager (Male) |
| 10:02 | Create | Villager (Male) |
| 10:03 | Create | Villager (Male) |
| 10:23 | Build | Mining Camp |
| 10:27 | Create | Villager (Male) |
| 10:56 | Create | Villager (Male) |
| 10:57 | Create | Villager (Male) |
| 11:05 | Build | House |
| 11:27 | Create | Villager (Male) |
| 11:34 | Create | Villager (Male) |
| 11:52 | Create | Villager (Male) |
| 12:08 | Build | Palisade Wall |
| 12:20 | Build | House |
| 12:29 | Build | Palisade Wall |
| 12:46 | Build | Palisade Wall |
| 12:51 | Build | Palisade Wall |
| 12:56 | Create | Villager (Male) |
| 13:00 | Create | Villager (Male) |
| 13:09 | Build | Palisade Wall |
| 13:14 | Build | Palisade Wall |
| 13:15 | Create | Villager (Male) |
| 13:23 | Research | Feudal Age |
| 13:30 | Build | Palisade Wall |
| 13:34 | Build | Palisade Wall |
| 13:42 | Create | Villager (Male) |
| 13:47 | Build | Mining Camp |
| 14:14 | Build | Palisade Wall |
| 14:25 | Build | Palisade Wall |
| 14:43 | Build | House |
| 14:44 | Build | House |
| 14:56 | Build | Palisade Wall |
| 15:23 | Build | Palisade Wall |
| 15:33 | Age | Feudal Age |
| 15:40 | Build | Stone Wall |
| 15:51 | Build | Watch Tower |
| 16:08 | Create | Villager (Male) |
| 16:10 | Build | Farm |
| 16:12 | Build | Farm |
| 16:15 | Build | Farm |
| 16:18 | Build | Lumber Camp |
| 16:19 | Create | Villager (Male) |
| 16:29 | Build | Blacksmith |
| 16:59 | Build | Stone Wall |
| 17:03 | Create | Villager (Male) |
| 17:08 | Research | Fletching |
| 17:25 | Create | Villager (Male) |
| 17:30 | Create | Villager (Male) |
| 17:34 | Build | House |
| 17:35 | Build | House |
| 17:40 | Create | Villager (Male) |
| 17:43 | Create | Villager (Male) |
| 18:25 | Create | Villager (Male) |
| 18:32 | Build | Market |
| 18:46 | Create | Villager (Male) |
| 19:07 | Create | Villager (Male) |
| 19:19 | Create | Villager (Male) |
| 20:41 | Research | Castle Age |
| 21:24 | Research | Double-Bit Axe |
| 21:25 | Research | Horse Collar |
| 22:43 | Create | Villager (Male) |
| 23:21 | Age | Castle Age |
| 23:23 | Research | Bodkin Arrow |
| 23:24 | Create | Villager (Male) |
| 23:29 | Build | Castle |
| 24:29 | Build | Stone Wall |
| 24:32 | Create | Villager (Male) |
| 24:35 | Build | Farm |
| 24:36 | Build | Farm |
| 24:38 | Build | Farm |
| 24:41 | Build | Farm |
| 24:42 | Build | Farm |
| 24:58 | Create | Plumed Archer |
| 24:59 | Create | Plumed Archer |
| 24:59 | Create | Plumed Archer |
| 24:59 | Create | Plumed Archer |
| 24:59 | Create | Plumed Archer |
| 25:02 | Create | Villager (Male) |
| 25:04 | Build | Farm |
| 25:06 | Build | Farm |
| 25:07 | Create | Villager (Male) |
| 25:17 | Create | Villager (Male) |
| 25:23 | Research | Bow Saw |
| 25:39 | Create | Petard |
| 25:39 | Create | Petard |
| 25:39 | Create | Petard |
| 25:43 | Create | Petard |
| 25:44 | Create | Villager (Male) |
| 25:47 | Build | Farm |
| 25:49 | Build | Farm |
| 25:50 | Build | Farm |
| 25:51 | Build | Farm |
| 25:55 | Create | Villager (Male) |
| 26:16 | Build | Town Center |
| 26:20 | Create | Villager (Male) |
| 26:31 | Create | Villager (Male) |
| 26:38 | Create | Plumed Archer |
| 26:51 | Build | Farm |
| 26:51 | Create | Villager (Male) |
| 27:10 | Build | Town Center |
| 27:11 | Create | Villager (Male) |
| 27:45 | Create | Villager (Male) |
| 27:48 | Create | Villager (Male) |
| 28:54 | Build | Gate |
| 28:57 | Create | Villager (Male) |
| 28:59 | Create | Villager (Male) |
| 28:59 | Create | Villager (Male) |
| 29:02 | Create | Villager (Male) |
| 29:13 | Create | Villager (Male) |
| 29:13 | Create | Villager (Male) |
| 29:14 | Create | Villager (Male) |
| 29:14 | Create | Villager (Male) |
| 29:15 | Create | Villager (Male) |
| 29:30 | Build | Stone Wall |
| 29:52 | Create | Villager (Male) |
| 30:16 | Create | Villager (Male) |
| 30:19 | Create | Villager (Male) |
| 30:19 | Create | Villager (Male) |
| 30:21 | Create | Plumed Archer |
| 30:21 | Create | Plumed Archer |
Build order — bryjet06
First 150 of 1322 actions detected
| 0:02 | Create | Villager (Male) |
| 0:04 | Build | House |
| 0:06 | Build | House |
| 0:12 | Create | Villager (Male) |
| 0:12 | Create | Villager (Male) |
| 0:17 | Create | Villager (Male) |
| 0:17 | Create | Villager (Male) |
| 0:17 | Create | Villager (Male) |
| 0:18 | Create | Villager (Male) |
| 0:18 | Create | Villager (Male) |
| 1:26 | Create | Villager (Male) |
| 1:26 | Create | Villager (Male) |
| 1:51 | Build | Lumber Camp |
| 2:04 | Create | Villager (Male) |
| 2:11 | Create | Villager (Male) |
| 3:30 | Create | Villager (Male) |
| 3:46 | Create | Villager (Male) |
| 4:04 | Build | House |
| 4:11 | Create | Villager (Male) |
| 4:18 | Create | Villager (Male) |
| 4:36 | Create | Villager (Male) |
| 4:37 | Create | Villager (Male) |
| 4:52 | Build | Dock |
| 5:02 | Create | Villager (Male) |
| 5:15 | Create | Villager (Male) |
| 5:16 | Create | Villager (Male) |
| 5:40 | Build | House |
| 5:43 | Create | Fishing Ship |
| 6:16 | Build | House |
| 6:18 | Create | Villager (Male) |
| 6:39 | Create | Fishing Ship |
| 6:59 | Create | Villager (Male) |
| 7:05 | Create | Fishing Ship |
| 7:14 | Create | Villager (Male) |
| 7:31 | Build | House |
| 7:38 | Build | Mill |
| 7:49 | Create | Villager (Male) |
| 8:09 | Create | Fishing Ship |
| 8:24 | Create | Villager (Male) |
| 8:39 | Build | Mining Camp |
| 8:50 | Create | Villager (Male) |
| 9:01 | Research | Loom |
| 9:02 | Research | Loom |
| 9:22 | Create | Fishing Ship |
| 9:55 | Research | Feudal Age |
| 9:55 | Research | Feudal Age |
| 9:58 | Build | Mill |
| 10:44 | Build | Palisade Wall |
| 10:46 | Build | Palisade Wall |
| 10:48 | Build | Palisade Wall |
| 10:50 | Build | Palisade Wall |
| 11:34 | Create | Fishing Ship |
| 12:03 | Build | House |
| 12:05 | Age | Feudal Age |
| 12:07 | Create | Villager (Male) |
| 12:07 | Create | Villager (Male) |
| 12:11 | Build | Blacksmith |
| 12:25 | Build | Market |
| 12:54 | Build | Stone Wall |
| 12:56 | Build | Stone Wall |
| 13:12 | Build | Lumber Camp |
| 13:17 | Research | Castle Age |
| 13:17 | Research | Castle Age |
| 13:35 | Research | Double-Bit Axe |
| 13:35 | Research | Double-Bit Axe |
| 13:40 | Create | Fishing Ship |
| 13:47 | Build | Fish Trap |
| 13:50 | Create | Fishing Ship |
| 14:23 | Build | Fish Trap |
| 14:29 | Build | Fish Trap |
| 14:44 | Build | Fish Trap |
| 14:55 | Build | Fish Trap |
| 15:07 | Build | Fish Trap |
| 15:18 | Build | Fish Trap |
| 15:31 | Build | Fish Trap |
| 15:48 | Build | Stone Wall |
| 15:50 | Build | Stone Wall |
| 15:57 | Age | Castle Age |
| 16:01 | Create | Villager (Male) |
| 16:05 | Build | Town Center |
| 16:09 | Create | Villager (Male) |
| 16:11 | Research | Bow Saw |
| 16:11 | Research | Bow Saw |
| 16:11 | Research | Bow Saw |
| 16:34 | Build | Monastery |
| 16:53 | Create | Villager (Male) |
| 17:09 | Create | Villager (Male) |
| 17:25 | Build | Town Center |
| 17:27 | Create | Villager (Male) |
| 17:30 | Create | Villager (Male) |
| 17:35 | Create | Monk |
| 17:45 | Create | Villager (Male) |
| 17:53 | Build | Mining Camp |
| 17:53 | Create | Villager (Male) |
| 17:57 | Create | Fishing Ship |
| 17:57 | Create | Fishing Ship |
| 17:57 | Create | Fishing Ship |
| 18:03 | Create | Villager (Male) |
| 18:08 | Build | Farm |
| 18:14 | Create | Monk |
| 18:29 | Build | House |
| 18:30 | Build | House |
| 18:32 | Create | Villager (Male) |
| 18:33 | Create | Villager (Male) |
| 18:35 | Build | Farm |
| 18:36 | Build | Farm |
| 18:49 | Build | Fish Trap |
| 18:53 | Create | Villager (Male) |
| 19:00 | Build | Farm |
| 19:06 | Create | Villager (Male) |
| 19:10 | Build | Farm |
| 19:13 | Create | Fishing Ship |
| 19:15 | Research | Tech 906 |
| 19:16 | Research | Tech 906 |
| 19:24 | Create | Villager (Male) |
| 19:33 | Build | Fish Trap |
| 19:42 | Build | House |
| 19:43 | Build | House |
| 19:54 | Create | Villager (Male) |
| 19:58 | Build | Farm |
| 20:00 | Build | Farm |
| 20:12 | Create | Villager (Male) |
| 20:15 | Create | Villager (Male) |
| 20:16 | Build | Farm |
| 20:20 | Build | Farm |
| 20:20 | Create | Villager (Male) |
| 20:22 | Build | Farm |
| 20:24 | Build | Farm |
| 20:31 | Build | Fish Trap |
| 20:34 | Create | Fishing Ship |
| 20:37 | Create | Fishing Ship |
| 20:37 | Research | Gillnets |
| 20:39 | Create | Villager (Male) |
| 20:53 | Create | Villager (Male) |
| 20:53 | Create | Villager (Male) |
| 21:03 | Create | Villager (Male) |
| 21:06 | Build | House |
| 21:11 | Build | Farm |
| 21:27 | Build | Town Center |
| 21:28 | Create | Villager (Male) |
| 21:32 | Build | Mill |
| 21:33 | Build | Farm |
| 21:33 | Build | Farm |
| 21:33 | Build | Farm |
| 21:33 | Build | Farm |
| 21:34 | Build | Farm |
| 21:34 | Build | Farm |
| 21:34 | Build | Farm |
| 21:34 | Build | Farm |
| 21:35 | Build | Farm |
Build order — MZTK | Zygarde
First 150 of 657 actions detected
| 0:02 | Create | Villager (Male) ×4 |
| 0:03 | Build | House |
| 0:04 | Build | House |
| 1:29 | Create | Villager (Male) |
| 2:10 | Create | Villager (Male) |
| 2:15 | Research | Loom |
| 2:25 | Build | House |
| 2:37 | Build | House |
| 2:55 | Create | Villager (Male) |
| 2:55 | Create | Villager (Male) |
| 3:08 | Create | Villager (Male) |
| 3:23 | Build | Palisade Wall |
| 3:28 | Create | Villager (Male) |
| 3:28 | Create | Villager (Male) |
| 3:53 | Create | Villager (Male) |
| 3:53 | Create | Villager (Male) |
| 4:05 | Create | Villager (Male) |
| 4:36 | Create | Villager (Male) |
| 4:43 | Build | Lumber Camp |
| 4:56 | Build | Palisade Wall |
| 5:10 | Create | Villager (Male) |
| 5:35 | Build | Palisade Wall |
| 5:40 | Create | Villager (Male) |
| 6:01 | Create | Villager (Male) |
| 6:29 | Create | Villager (Male) |
| 6:29 | Create | Villager (Male) |
| 6:46 | Create | Villager (Male) |
| 6:52 | Build | Dock |
| 6:55 | Create | Villager (Male) |
| 7:18 | Create | Villager (Male) |
| 7:30 | Build | House |
| 7:35 | Create | Fishing Ship |
| 8:02 | Create | Fishing Ship |
| 8:04 | Create | Villager (Male) |
| 8:04 | Create | Villager (Male) |
| 8:05 | Create | Villager (Male) |
| 8:10 | Build | House |
| 8:27 | Create | Villager (Male) |
| 8:41 | Build | Mill |
| 9:07 | Create | Fishing Ship |
| 9:07 | Create | Villager (Male) |
| 9:20 | Create | Villager (Male) |
| 9:29 | Create | Fishing Ship |
| 9:29 | Create | Fishing Ship |
| 9:29 | Create | Fishing Ship |
| 9:44 | Build | House |
| 10:07 | Create | Villager (Male) |
| 10:16 | Create | Fishing Ship |
| 10:34 | Build | Mining Camp |
| 10:57 | Research | Feudal Age |
| 11:05 | Create | Fishing Ship |
| 11:55 | Create | Villager (Male) |
| 12:40 | Build | House |
| 12:46 | Build | House |
| 12:46 | Build | House |
| 13:02 | Create | Fishing Ship |
| 13:07 | Age | Feudal Age |
| 13:09 | Build | Market |
| 13:11 | Build | Blacksmith |
| 13:28 | Build | Stone Wall |
| 13:43 | Create | Fishing Ship |
| 13:51 | Research | Castle Age |
| 13:59 | Build | Outpost |
| 14:02 | Research | Double-Bit Axe |
| 14:04 | Create | Fishing Ship |
| 14:25 | Build | Stone Wall |
| 14:26 | Build | Stone Wall |
| 14:41 | Research | Horse Collar |
| 14:50 | Build | Fish Trap |
| 14:52 | Build | Fish Trap |
| 15:08 | Build | Fish Trap |
| 15:21 | Build | Fish Trap |
| 15:32 | Build | Fish Trap |
| 15:41 | Build | Fish Trap |
| 15:55 | Build | Fish Trap |
| 16:10 | Build | Fish Trap |
| 16:22 | Build | Fish Trap |
| 16:31 | Age | Castle Age |
| 16:33 | Research | Wheelbarrow |
| 16:38 | Research | Bow Saw |
| 16:39 | Research | Bow Saw |
| 17:13 | Build | Town Center |
| 17:26 | Research | Tech 906 |
| 17:27 | Research | Tech 906 |
| 17:31 | Create | Villager (Male) |
| 17:53 | Research | Gillnets |
| 17:59 | Create | Villager (Male) |
| 18:21 | Build | Town Center |
| 18:28 | Create | Villager (Male) |
| 18:34 | Create | Fishing Ship |
| 18:46 | Create | Villager (Male) |
| 18:46 | Create | Villager (Male) |
| 18:50 | Create | Villager (Male) |
| 18:58 | Build | Farm |
| 19:00 | Build | Farm |
| 19:01 | Build | Farm |
| 19:04 | Create | Villager (Male) ×2 |
| 19:07 | Build | Farm |
| 19:19 | Build | Fish Trap |
| 19:20 | Create | Fishing Ship |
| 19:23 | Create | Villager (Male) ×2 |
| 19:37 | Build | Lumber Camp |
| 19:44 | Create | Villager (Male) ×2 |
| 19:44 | Create | Villager (Male) ×2 |
| 19:54 | Create | Villager (Male) |
| 20:04 | Build | Monastery |
| 20:09 | Create | Villager (Male) ×3 |
| 20:16 | Build | Fish Trap |
| 20:23 | Build | Farm |
| 20:25 | Build | Farm |
| 20:31 | Create | Monk |
| 20:39 | Build | Farm |
| 20:40 | Build | Farm |
| 20:41 | Build | Farm |
| 20:42 | Create | Villager (Male) ×3 |
| 20:52 | Build | Farm |
| 21:02 | Create | Villager (Male) ×3 |
| 21:10 | Research | Heavy Plow |
| 21:14 | Create | Monk |
| 21:28 | Create | Villager (Male) |
| 21:36 | Build | Monastery |
| 21:38 | Create | Villager (Male) ×2 |
| 21:47 | Build | House |
| 21:48 | Build | House |
| 21:49 | Build | House |
| 21:55 | Build | House |
| 21:56 | Build | House |
| 22:05 | Build | Mining Camp |
| 22:06 | Create | Monk |
| 22:24 | Create | Villager (Male) ×5 |
| 22:34 | Research | Hand Cart |
| 22:34 | Research | Hand Cart |
| 22:35 | Create | Villager (Male) |
| 22:35 | Create | Villager (Male) |
| 22:37 | Build | House |
| 22:38 | Build | House |
| 22:39 | Build | House |
| 22:39 | Build | House |
| 22:45 | Build | Lumber Camp |
| 22:51 | Build | Farm |
| 22:51 | Build | Farm |
| 22:52 | Build | Farm |
| 22:55 | Create | Villager (Male) |
| 22:57 | Create | Villager (Male) |
| 23:02 | Create | Villager (Male) ×3 |
| 23:06 | Build | Lumber Camp |
| 23:19 | Build | Farm |
| 23:21 | Build | Mining Camp |
| 23:22 | Create | Villager (Male) ×5 |
| 23:29 | Build | House |
Match timeline
| 0:43 | MZTK | DoN.Krispin · wall_segment Palisade Wall x8 |
| 1:45 | Richard_cat · wall_segment Palisade Wall x1 |
| 1:47 | Richard_cat · wall_segment Palisade Wall x8 |
| 2:06 | Richard_cat · wall_segment Palisade Wall x1 |
| 2:07 | Richard_cat · wall_segment Palisade Wall x8 |
| 3:23 | MZTK | Zygarde · wall_segment Palisade Wall x6 |
| 4:16 | MztK | SpAwN · wall_segment Palisade Wall x1 |
| 4:41 | MztK | SpAwN · wall_segment Palisade Wall x1 |
| 4:43 | MztK | SpAwN · wall_segment Palisade Wall x1 |
| 4:44 | MZTK | Don.Mancusio · first_building Dock |
| 4:45 | MztK | SpAwN · wall_segment Palisade Wall x1 |
| 4:52 | bryjet06 · first_building Dock |
| 4:56 | MZTK | Zygarde · wall_segment Palisade Wall x7 |
| 5:01 | MztK | SpAwN · wall_segment Palisade Wall x1 |
| 5:35 | MZTK | Zygarde · wall_segment Palisade Wall x1 |
| 6:47 | MztK | SpAwN · wall_segment Palisade Wall x4 |
| 6:52 | MztK | SpAwN · wall_segment Palisade Wall x3 |
| 6:52 | MZTK | Zygarde · first_building Dock |
| 7:52 | MZTK | DoN.Krispin · wall_segment Palisade Wall x1 |
| 8:17 | MztK | SpAwN · wall_segment Palisade Wall x1 |
| 8:39 | MztK | SpAwN · wall_segment Palisade Wall x1 |
| 9:45 | MztK | SpAwN · wall_segment Palisade Wall x1 |
| 9:45 | MztK | SpAwN · wall_segment Palisade Wall x1 |
| 9:46 | MztK | SpAwN · wall_segment Palisade Wall x1 |
| 10:16 | Silence · first_building Barracks |
| 10:31 | MztK | SpAwN · wall_segment Palisade Wall x1 |
| 10:31 | MztK | SpAwN · wall_segment Palisade Wall x1 |
| 10:32 | MztK | SpAwN · wall_segment Palisade Wall x1 |
| 10:33 | MztK | SpAwN · wall_segment Palisade Wall x1 |
| 10:44 | bryjet06 · wall_segment Palisade Wall x7 |
| 10:46 | bryjet06 · wall_segment Palisade Wall x1 |
| 10:48 | bryjet06 · wall_segment Palisade Wall x2 |
| 10:50 | bryjet06 · wall_segment Palisade Wall x1 |
| 11:17 | Richard_cat · first_building Dock |
| 11:24 | MztK | SpAwN · wall_segment Palisade Wall x1 |
| 11:26 | MZTK | Don.Mancusio · age_up feudal |
| 11:28 | Richard_cat · wall_segment Palisade Wall x6 |
| 11:30 | Richard_cat · wall_segment Palisade Wall x4 |
| 11:52 | Silence · age_up feudal |
| 12:01 | Silence · first_building Archery Range |
| 12:05 | bryjet06 · age_up feudal |
| 12:08 | MZTK | DoN.Krispin · wall_segment Palisade Wall x9 |
| 12:29 | MZTK | DoN.Krispin · wall_segment Palisade Wall x1 |
| 12:46 | MZTK | DoN.Krispin · wall_segment Palisade Wall x2 |
| 12:51 | MZTK | DoN.Krispin · wall_segment Palisade Wall x1 |
| 12:54 | bryjet06 · wall_segment Stone Wall x2 |
| 12:56 | bryjet06 · wall_segment Stone Wall x6 |
| 13:07 | MZTK | Zygarde · age_up feudal |
| 13:09 | MZTK | DoN.Krispin · wall_segment Palisade Wall x1 |
| 13:14 | MZTK | DoN.Krispin · wall_segment Palisade Wall x5 |
| 13:28 | MZTK | Zygarde · wall_segment Stone Wall x5 |
| 13:30 | MZTK | DoN.Krispin · wall_segment Palisade Wall x6 |
| 13:34 | MZTK | DoN.Krispin · wall_segment Palisade Wall x1 |
| 13:47 | MZTK | Zygarde · first_market_sell 100 stone |
| 14:14 | MZTK | DoN.Krispin · wall_segment Palisade Wall x5 |
| 14:25 | MZTK | Zygarde · wall_segment Stone Wall x4 |
| 14:25 | MZTK | DoN.Krispin · wall_segment Palisade Wall x1 |
| 14:26 | MZTK | Zygarde · wall_segment Stone Wall x1 |
| 14:30 | Player59701729 · first_building Monastery |
| 14:42 | MztK | SpAwN · age_up feudal |
| 14:56 | MZTK | DoN.Krispin · wall_segment Palisade Wall x7 |
| 15:15 | Richard_cat · wall_segment Palisade Wall x1 |
| 15:17 | Richard_cat · wall_segment Palisade Wall x1 |
| 15:17 | Richard_cat · wall_segment Palisade Wall x1 |
| 15:18 | Richard_cat · wall_segment Palisade Wall x1 |
| 15:20 | Richard_cat · wall_segment Palisade Wall x1 |
| 15:20 | Richard_cat · wall_segment Palisade Wall x1 |
| 15:21 | MZTK | Don.Mancusio · age_up castle |
| 15:23 | MZTK | DoN.Krispin · wall_segment Palisade Wall x10 |
| 15:33 | MZTK | DoN.Krispin · age_up feudal |
| 15:40 | MZTK | DoN.Krispin · wall_segment Stone Wall x10 |
| 15:42 | MZTK | Don.Mancusio · first_building Monastery |
| 15:48 | bryjet06 · wall_segment Stone Wall x1 |
| 15:50 | bryjet06 · wall_segment Stone Wall x1 |
| 15:57 | bryjet06 · age_up castle |
| 16:03 | Player59701729 · first_market_buy 100 food |
| 16:28 | bryjet06 · first_market_buy 100 wood |
| 16:31 | MZTK | Zygarde · age_up castle |
| 16:34 | bryjet06 · first_building Monastery |
| 16:42 | Richard_cat · age_up feudal |
| 16:59 | MZTK | DoN.Krispin · wall_segment Stone Wall x9 |
| 17:16 | Silence · first_market_sell 100 wood |
| 17:16 | Silence · first_market_buy 100 food |
| 17:34 | bryjet06 · first_market_sell 100 food |
| 18:37 | MztK | SpAwN · age_up castle |
| 18:51 | MztK | SpAwN · first_market_buy 100 wood |
| 19:09 | Richard_cat · age_up castle |
| 19:12 | Richard_cat · first_building Siege Workshop |
| 20:01 | Silence · wall_segment Stone Wall x3 |
| 20:03 | Silence · age_up castle |
| 20:04 | MZTK | Zygarde · first_building Monastery |
| 20:18 | Silence · first_building Siege Workshop |
| 20:27 | MZTK | DoN.Krispin · first_market_sell 100 stone |
| 20:28 | MZTK | DoN.Krispin · first_market_buy 100 food |
| 20:34 | Silence · wall_segment Stone Wall x1 |
| 20:55 | MztK | SpAwN · wall_segment Stone Wall x4 |
| 20:56 | MztK | SpAwN · wall_segment Stone Wall x1 |
| 20:57 | MztK | SpAwN · wall_segment Stone Wall x1 |
| 20:57 | MztK | SpAwN · wall_segment Stone Wall x1 |
| 20:59 | MztK | SpAwN · wall_segment Stone Wall x4 |
| 21:57 | MztK | SpAwN · first_building Siege Workshop |
| 23:21 | MZTK | DoN.Krispin · age_up castle |
| 23:22 | Player59701729 · first_building Castle |
| 23:29 | MZTK | DoN.Krispin · first_building Castle |
| 23:40 | Player59701729 · first_building Barracks |
| 23:54 | MZTK | Zygarde · first_market_buy 100 wood |
| 24:27 | MZTK | Don.Mancusio · first_building Castle |
| 24:29 | MZTK | DoN.Krispin · wall_segment Stone Wall x1 |
| 24:37 | Player59701729 · first_building Stable |
| 25:18 | Player59701729 · first_building Archery Range |
| 25:22 | MZTK | Don.Mancusio · first_building Siege Workshop |
| 26:09 | MZTK | Don.Mancusio · first_market_buy 100 wood |
| 26:29 | Richard_cat · wall_segment Stone Wall x8 |
| 26:36 | Richard_cat · wall_segment Stone Wall x4 |
| 26:37 | Richard_cat · wall_segment Stone Wall x5 |
| 27:16 | bryjet06 · first_building Castle |
| 27:25 | MZTK | Don.Mancusio · age_up imperial |
| 27:37 | bryjet06 · first_building Barracks |
| 27:49 | Player59701729 · first_building Siege Workshop |
| 28:18 | MZTK | Zygarde · first_building Castle |
| 28:45 | bryjet06 · first_building Archery Range |
| 28:52 | MZTK | Zygarde · first_building Siege Workshop |
| 28:59 | MZTK | Zygarde · first_building Barracks |
| 29:03 | Player59701729 · first_market_sell 100 food |
| 29:05 | bryjet06 · age_up imperial |
| 29:13 | bryjet06 · first_building Stable |
| 29:28 | MZTK | Zygarde · age_up imperial |
| 29:30 | MZTK | DoN.Krispin · wall_segment Stone Wall x2 |
| 29:58 | Richard_cat · first_building Barracks |
| 31:09 | MztK | SpAwN · first_building Castle |
| 31:17 | MZTK | Don.Mancusio · first_building Barracks |
| 31:29 | MZTK | DoN.Krispin · wall_segment Stone Wall x11 |
| 31:50 | MztK | SpAwN · age_up imperial |
| 32:00 | Richard_cat · first_building Stable |
| 32:16 | MZTK | Don.Mancusio · first_building Stable |
| 32:18 | Silence · first_building Castle |
| 33:08 | Richard_cat · first_building Castle |
| 33:25 | MztK | SpAwN · first_market_sell 100 wood |
| 33:27 | Richard_cat · age_up imperial |
| 33:42 | MZTK | DoN.Krispin · wall_segment Stone Wall x14 |
| 34:10 | Silence · age_up imperial |
| 34:17 | MZTK | Don.Mancusio · first_building Archery Range |
| 34:40 | bryjet06 · first_building Siege Workshop |
| 35:04 | Richard_cat · first_market_sell 100 wood |
| 35:20 | MZTK | Don.Mancusio · wall_segment Stone Wall x14 |
| 35:35 | MZTK | Zygarde · wall_segment Stone Wall x6 |
| 35:50 | MZTK | Zygarde · tribute_sent a jugador 1 |
| 35:50 | MZTK | Zygarde · tribute_sent a jugador 2 |
| 35:50 | MZTK | Zygarde · tribute_sent a jugador 3 |
| 35:50 | MZTK | Zygarde · tribute_sent a jugador 4 |
| 35:50 | MZTK | Zygarde · tribute_sent a jugador 5 |
| 35:50 | MZTK | Zygarde · tribute_sent a jugador 6 |
| 35:50 | MZTK | Zygarde · tribute_sent a jugador 7 |
| 36:13 | MZTK | DoN.Krispin · wall_segment Stone Wall x11 |
| 36:38 | MZTK | Don.Mancusio · first_market_sell 100 food |
| 36:52 | MZTK | DoN.Krispin · first_building Barracks |
| 37:21 | MZTK | DoN.Krispin · wall_segment Stone Wall x1 |
| 37:23 | MZTK | DoN.Krispin · wall_segment Stone Wall x17 |
| 37:52 | MZTK | DoN.Krispin · wall_segment Stone Wall x7 |
| 38:09 | MZTK | Zygarde · tribute_sent a jugador 1 |
| 38:09 | MZTK | Zygarde · tribute_sent a jugador 2 |
| 38:09 | MZTK | Zygarde · tribute_sent a jugador 3 |
| 38:09 | MZTK | Zygarde · tribute_sent a jugador 4 |
| 38:09 | MZTK | Zygarde · tribute_sent a jugador 5 |
| 38:09 | MZTK | Zygarde · tribute_sent a jugador 6 |
| 38:09 | MZTK | Zygarde · tribute_sent a jugador 7 |
| 38:31 | MZTK | DoN.Krispin · wall_segment Stone Wall x3 |
| 38:54 | MZTK | Zygarde · tribute_sent a jugador 1 |
| 38:54 | MZTK | Zygarde · tribute_sent a jugador 2 |
| 38:54 | MZTK | Zygarde · tribute_sent a jugador 3 |
| 38:54 | MZTK | Zygarde · tribute_sent a jugador 4 |
| 38:54 | MZTK | Zygarde · tribute_sent a jugador 5 |
| 38:54 | MZTK | Zygarde · tribute_sent a jugador 6 |
| 38:54 | MZTK | Zygarde · tribute_sent a jugador 7 |
| 39:03 | MZTK | Zygarde · wall_segment Stone Wall x4 |
| 39:13 | MZTK | DoN.Krispin · age_up imperial |
| 40:07 | MZTK | Zygarde · wall_segment Stone Wall x1 |
| 40:09 | MZTK | Zygarde · wall_segment Stone Wall x5 |
| 41:19 | MZTK | Zygarde · wall_segment Stone Wall x11 |
| 41:45 | MZTK | Zygarde · wall_segment Stone Wall x12 |
| 45:24 | MZTK | Zygarde · wall_segment Stone Wall x15 |
| 47:18 | MZTK | Zygarde · tribute_sent a jugador 1 |
| 47:18 | MZTK | Zygarde · tribute_sent a jugador 2 |
| 47:18 | MZTK | Zygarde · tribute_sent a jugador 3 |
| 47:18 | MZTK | Zygarde · tribute_sent a jugador 4 |
| 47:18 | MZTK | Zygarde · tribute_sent a jugador 5 |
| 47:18 | MZTK | Zygarde · tribute_sent a jugador 6 |
| 47:18 | MZTK | Zygarde · tribute_sent a jugador 7 |
| 47:29 | MztK | SpAwN · first_building Barracks |
| 48:12 | MZTK | Zygarde · wall_segment Stone Wall x5 |
| 52:38 | MZTK | Zygarde · tribute_sent a jugador 1 |
| 52:38 | MZTK | Zygarde · tribute_sent a jugador 2 |
| 52:38 | MZTK | Zygarde · tribute_sent a jugador 3 |
| 52:38 | MZTK | Zygarde · tribute_sent a jugador 4 |
| 52:38 | MZTK | Zygarde · tribute_sent a jugador 5 |
| 52:38 | MZTK | Zygarde · tribute_sent a jugador 6 |
| 52:38 | MZTK | Zygarde · tribute_sent a jugador 7 |
| 53:38 | Silence · wall_segment Stone Wall x3 |
| 54:14 | MZTK | DoN.Krispin · tribute_sent a jugador 1 |
| 54:14 | MZTK | DoN.Krispin · tribute_sent a jugador 2 |
| 54:14 | MZTK | DoN.Krispin · tribute_sent a jugador 3 |
| 54:14 | MZTK | DoN.Krispin · tribute_sent a jugador 4 |
| 54:14 | MZTK | DoN.Krispin · tribute_sent a jugador 5 |
| 54:14 | MZTK | DoN.Krispin · tribute_sent a jugador 7 |
| 54:14 | MZTK | DoN.Krispin · tribute_sent a jugador 8 |
| 56:21 | MZTK | DoN.Krispin · tribute_sent a jugador 1 |
| 56:21 | MZTK | DoN.Krispin · tribute_sent a jugador 2 |
| 56:21 | MZTK | DoN.Krispin · tribute_sent a jugador 3 |
| 56:21 | MZTK | DoN.Krispin · tribute_sent a jugador 4 |
| 56:21 | MZTK | DoN.Krispin · tribute_sent a jugador 5 |
| 56:21 | MZTK | DoN.Krispin · tribute_sent a jugador 7 |
| 56:21 | MZTK | DoN.Krispin · tribute_sent a jugador 8 |
| 57:05 | MZTK | DoN.Krispin · tribute_sent a jugador 1 |
| 57:05 | MZTK | DoN.Krispin · tribute_sent a jugador 2 |
| 57:05 | MZTK | DoN.Krispin · tribute_sent a jugador 3 |
| 57:05 | MZTK | DoN.Krispin · tribute_sent a jugador 4 |
| 57:05 | MZTK | DoN.Krispin · tribute_sent a jugador 5 |
| 57:05 | MZTK | DoN.Krispin · tribute_sent a jugador 7 |
| 57:05 | MZTK | DoN.Krispin · tribute_sent a jugador 8 |
| 59:19 | MZTK | DoN.Krispin · tribute_sent a jugador 1 |
| 59:19 | MZTK | DoN.Krispin · tribute_sent a jugador 2 |
| 59:19 | MZTK | DoN.Krispin · tribute_sent a jugador 3 |
| 59:19 | MZTK | DoN.Krispin · tribute_sent a jugador 4 |
| 59:19 | MZTK | DoN.Krispin · tribute_sent a jugador 5 |
| 59:19 | MZTK | DoN.Krispin · tribute_sent a jugador 7 |
| 59:19 | MZTK | DoN.Krispin · tribute_sent a jugador 8 |
| 59:19 | MztK | SpAwN · first_building Stable |
| 60:04 | Silence · wall_segment Stone Wall x2 |
| 60:16 | Richard_cat · tribute_sent a jugador 2 |
| 60:16 | Richard_cat · tribute_sent a jugador 3 |
| 60:16 | Richard_cat · tribute_sent a jugador 4 |
| 60:16 | Richard_cat · tribute_sent a jugador 5 |
| 60:16 | Richard_cat · tribute_sent a jugador 6 |
| 60:16 | Richard_cat · tribute_sent a jugador 7 |
| 60:16 | Richard_cat · tribute_sent a jugador 8 |
| 60:50 | MZTK | Zygarde · first_building Archery Range |
| 61:16 | Richard_cat · tribute_sent a jugador 2 |
| 61:16 | Richard_cat · tribute_sent a jugador 3 |
| 61:16 | Richard_cat · tribute_sent a jugador 4 |
| 61:16 | Richard_cat · tribute_sent a jugador 5 |
| 61:17 | Richard_cat · tribute_sent a jugador 6 |
| 61:17 | Richard_cat · tribute_sent a jugador 7 |
| 61:17 | Richard_cat · tribute_sent a jugador 8 |
| 61:57 | MZTK | DoN.Krispin · tribute_sent a jugador 1 |
| 61:57 | MZTK | DoN.Krispin · tribute_sent a jugador 2 |
| 61:57 | MZTK | DoN.Krispin · tribute_sent a jugador 3 |
| 61:57 | MZTK | DoN.Krispin · tribute_sent a jugador 4 |
| 61:57 | MZTK | DoN.Krispin · tribute_sent a jugador 5 |
| 61:57 | MZTK | DoN.Krispin · tribute_sent a jugador 7 |
| 61:57 | MZTK | DoN.Krispin · tribute_sent a jugador 8 |
| 63:31 | MZTK | Zygarde · tribute_sent a jugador 1 |
| 63:31 | MZTK | Zygarde · tribute_sent a jugador 2 |
| 63:31 | MZTK | Zygarde · tribute_sent a jugador 3 |
| 63:31 | MZTK | Zygarde · tribute_sent a jugador 4 |
| 63:31 | MZTK | Zygarde · tribute_sent a jugador 5 |
| 63:31 | MZTK | Zygarde · tribute_sent a jugador 6 |
| 63:31 | MZTK | Zygarde · tribute_sent a jugador 7 |
| 63:31 | MZTK | DoN.Krispin · tribute_sent a jugador 1 |
| 63:31 | MZTK | DoN.Krispin · tribute_sent a jugador 2 |
| 63:31 | MZTK | DoN.Krispin · tribute_sent a jugador 3 |
| 63:31 | MZTK | DoN.Krispin · tribute_sent a jugador 4 |
| 63:31 | MZTK | DoN.Krispin · tribute_sent a jugador 5 |
| 63:31 | MZTK | DoN.Krispin · tribute_sent a jugador 7 |
| 63:31 | MZTK | DoN.Krispin · tribute_sent a jugador 8 |
| 64:55 | MZTK | DoN.Krispin · tribute_sent a jugador 1 |
| 64:55 | MZTK | DoN.Krispin · tribute_sent a jugador 2 |
| 64:55 | MZTK | DoN.Krispin · tribute_sent a jugador 3 |
| 64:55 | MZTK | DoN.Krispin · tribute_sent a jugador 4 |
| 64:55 | MZTK | DoN.Krispin · tribute_sent a jugador 5 |
| 64:55 | MZTK | DoN.Krispin · tribute_sent a jugador 7 |
| 64:55 | MZTK | DoN.Krispin · tribute_sent a jugador 8 |
| 66:48 | MZTK | Zygarde · tribute_sent a jugador 1 |
| 66:48 | MZTK | Zygarde · tribute_sent a jugador 2 |
| 66:48 | MZTK | Zygarde · tribute_sent a jugador 3 |
| 66:48 | MZTK | Zygarde · tribute_sent a jugador 4 |
| 66:48 | MZTK | Zygarde · tribute_sent a jugador 5 |
| 66:48 | MZTK | Zygarde · tribute_sent a jugador 6 |
| 66:48 | MZTK | Zygarde · tribute_sent a jugador 7 |
| 67:43 | Richard_cat · resign |
| 71:41 | MztK | SpAwN · first_building Archery Range |
| 73:27 | MZTK | DoN.Krispin · tribute_sent a jugador 1 |
| 73:27 | MZTK | DoN.Krispin · tribute_sent a jugador 2 |
| 73:27 | MZTK | DoN.Krispin · tribute_sent a jugador 3 |
| 73:27 | MZTK | DoN.Krispin · tribute_sent a jugador 4 |
| 73:27 | MZTK | DoN.Krispin · tribute_sent a jugador 5 |
| 73:27 | MZTK | DoN.Krispin · tribute_sent a jugador 7 |
| 73:27 | MZTK | DoN.Krispin · tribute_sent a jugador 8 |
[ AI ANALYSIS · 1 CREDIT ]
What really happened in this match?
Wolo.gg analyzes every decision: build order, eco, micro, common mistakes by bracket. Personalized analysis on WhatsApp or Discord in 30 seconds.
Civ guide
Malay
Map guide
Black Forest
Perfil
Richard_cat